 Dungeon Crawl Stone Soup version 0.30-a0-474-g5673dd7ce6 (webtiles) character file.

Game seed: 9050407722847913939

133 Bnni the Conjurer (level 4, -6/36 HPs)
             Began as a Draconian Conjurer on Dec 20, 2022.
             Mangled by an iguana (11 damage)
             ... on level 3 of the Dungeon.
             The game lasted 00:04:32 (3132 turns).

Bnni the Conjurer (Draconian Conjurer)              Turns: 3132, Time: 00:04:33

Health: -6/36      AC:  5    Str:  9    XL:     4   Next: 93%
Magic:  8/8        EV: 12    Int: 21    God:
Gold:   122        SH:  0    Dex:  9    Spells: 1/8 levels left

rFire   . . .      SeeInvis .    b - +0 dagger
rCold   + . .      Faith    .    j - orb {*Rage}
rNeg    + . .      Spirit   .    (body armour unavailable)
rPois   .          Reflect  .    l - +0 hat "Ojiwno" {rC+ rN+}
rElec   .          Harm     .    (no cloak)
rCorr   .          Rampage  .    (no gloves)
Will    .....      Rage     20%  (no boots)
Stlth   ++........               (no amulet)
HPRegen 0.26/turn                (no ring)
MPRegen 0.11/turn                (no ring)

@: on berserk cooldown
A: AC +5, unfitting armour, cold-blooded
a: no special abilities


You were on level 3 of the Dungeon.
You visited 1 branch of the dungeon, and saw 3 of its levels.

You collected 122 gold pieces.

Inventory:

Hand Weapons
 b - a +0 dagger (weapon)
Armour
 j - an orb of wrath (worn)
 l - the +0 hat "Ojiwno" (worn) {rC+ rN+}
   (You found it on level 2 of the Dungeon)

   rC:        It protects you from cold.
   rN:        It protects you from negative energy.
Scrolls
 c - a scroll of fear {unknown}
 e - a scroll of amnesia {unknown}
 h - a scroll of vulnerability
 i - a scroll of immolation {unknown}
Potions
 d - a potion of mutation {unknown}
 f - a potion of flight {unknown}
 k - a potion of attraction


   Skills:
 + Level 2.2 Fighting
 - Level 1.7 Dodging
 - Level 1.7 Stealth
 + Level 2.8 Spellcasting
 * Level 5.1 Conjurations
 + Level 1.0 Hexes


You had one spell level left.
You knew the following spells:

 Your Spells              Type           Power      Damage    Failure   Level
a - Magic Dart            Conj           96%        1d7       1%          1
b - Searing Ray           Conj           48%        2d6       2%          2
c - Fulminant Prism       Conj/Hex       8%         3d6       36%         4

Your spell library contained the following spells:

 Spells                   Type           Power      Damage    Failure   Level
 Dazzling Flash           Conj/Hex       32%        N/A       12%         3
 Gell's Gravitas          Tloc           3%         N/A       38%         3
 Teleport Other           Tloc           3%         N/A       38%         3
 Iskenderun's Mystic Bla  Conj/Tloc      13%        2d5       43%         4
 Dispersal                Tloc           1%         N/A       100%        6


Dungeon Overview and Level Annotations

Branches:
Dungeon (3/15)

Altars:

Shops:
D:3 *[


Innate Abilities, Weirdness & Mutations

Your plain brown scales are hard. (AC +5)
You cannot fit into any form of body armour.
You are cold-blooded and may be slowed by cold attacks.


Message History

The iguana bites you.
You hit the iguana but do no damage.
The iguana is moderately wounded.
The iguana bites you.
* * * LOW HITPOINT WARNING * * *
The iguana misses you.
Okay, then.
Casting: Searing Ray (safe; 2% risk of failure)
Confirm with . or Enter, or press ? or * to list all spells.
Aiming: Searing Ray (safe; 2% risk of failure)
Press: ? - help, Shift-Dir - straight line, f/p - iguana
Aim: an iguana (moderately wounded, 82% to hit)
The searing ray hits the iguana.
The iguana is moderately wounded. (Press . to maintain the ray.)
The iguana bites you.
* * * LOW HITPOINT WARNING * * *
The searing ray hits the iguana!
The iguana is almost dead.
The iguana bites you.
* * * LOW HITPOINT WARNING * * *
The iguana bites you.
* * * LOW HITPOINT WARNING * * *
Unknown command.
You feel better. The iguana misses you.
Aiming: Magic Dart (safe; 1% risk of failure)
Press: ? - help, Q - select action, (/) - cycle Shift-Dir - straight line, f/p - iguana
Aim: an iguana (severely wounded, 100% to hit)
The magic dart hits the iguana but does no damage.
The iguana is severely wounded.
The iguana bites you!
* * * LOW HITPOINT WARNING * * *
The iguana closely misses you.
Okay, then.
You aren't carrying any items that you can evoke.
Unknown command.
Magic courses through your body.
You feel yourself speed up. The iguana bites you!
You die...

#.#|.#.##...# #
#.#..#.####.# #
#.#.#..#.##
####### #.
#.#.#.....#
...... #..
...#..#..#
###### #...
##.##.#..# #
.....
+...).#..# #
#....##.#######
#
#....l@........
#....##.#######
#... #.# #..
#.# #. #.# #
#.# #.# .#


You could see an iguana.

Vanquished Creatures
  A hound (D:3)
  3 adders
  A worm (D:3)
  2 dart slugs (D:1)
  An orc (D:3)
  6 bats
  7 endoplasms
  3 giant cockroaches
  6 goblins
  8 hobgoblins
  2 jackals (D:1)
  9 kobolds
  2 quokkas
  4 ball pythons
  5 rats
60 creatures vanquished.

Vanquished Creatures (others)
  A plant (D:1)
  5 toadstools (D:1)
6 creatures vanquished.

Grand Total: 66 creatures vanquished

Notes
Turn   | Place    | Note
-------+----------+-------------------------------------------
     0 | D:1      | Bnni the Draconian Conjurer began the quest for the Orb.
     0 | D:1      | Reached XP level 1. HP: 14/14 MP: 3/3
   214 | D:1      | Reached XP level 2. HP: 22/22 MP: 3/5
   363 | D:1      | Reached skill level 1 in Fighting
   685 | D:1      | Reached XP level 3. HP: 28/28 MP: 3/6
   689 | D:1      | Learned a level 2 spell: Searing Ray
  1780 | D:2      | Reached XP level 4. HP: 36/36 MP: 3/7
  1789 | D:2      | Learned a level 4 spell: Fulminant Prism
  1953 | D:2      | Identified the +0 hat "Ojiwno" {rC+ rN+}
  2065 | D:3      | Found Ytihauf's General Store.
  2073 | D:3      | Reached skill level 5 in Conjurations
  2363 | D:3      | Reached skill level 1 in Hexes
  2504 | D:3      | Found Xile's Antique Armour Shop.
  3129 | D:3      | HP: 1/36 [iguana (3)]
  3132 | D:3      | Mangled by an iguana

Illustrated notes

Levels and vault maps discovered:
D:1:      ldierk_walled_garden, layout_basic, minmay_pentomino_s4
D:2:      layout_basic, serial_forest, infiniplex_forest_clump_small,
          infiniplex_forest_straight_1, infiniplex_forest_clump_small,
          infiniplex_forest_lined_corner, infiniplex_forest_straight_1,
          infiniplex_forest_lined_1, infiniplex_forest_lined_room_
D:3:      layout_basic, serial_shops, shop_fountains, shop

Skill      XL: |  1  2  3  4 |
---------------+-------------+-----
Fighting       | 1 2 |  2.2
Conjurations   | 5 |  5.1
Hexes          | 1 |  1.0
Dodging        | |  1.7
Stealth        | |  1.7
Spellcasting   | |  2.8

Action                   |  1- 3 |  4- 6 || total
-------------------------+-------+-------++-------
Melee: Dagger            |    12 |     4 ||    16
       Tailslap          |     2 |     1 ||     3
 Cast: Magic Dart        |    69 |    35 ||   104
       Searing Ray       |       |     3 ||     3
  Use: Scroll            |       |     4 ||     4
       Potion            |       |     2 ||     2
Armor: Skin              |     3 |     2 ||     5
Dodge: Dodged            |     7 |     7 ||    14

Table legend: (Time is in decaauts)
 A = Elapsed time spent in this place.
 B = Non-inter-level travel time spent in this place.
 C = Inter-level travel time spent in this place.
 D = Time resting spent in this place.
 E = Time spent auto-exploring this place.
 F = Levels seen in this place.
 G = Mean time per level.
                   A        B        C        D        E       F      G
               +--------+--------+--------+--------+--------+-----+--------+
         Total |   3143 |   3056 |     87 |      2 |   2750 |   3 | 1047.7 |
       Dungeon |   3143 |   3056 |     87 |      2 |   2750 |   3 | 1047.7 |
               +--------+--------+--------+--------+--------+-----+--------+

Top non-repeatable levels by time:
     D:1: 1323 daAuts
     D:3: 1113 daAuts
     D:2: 705 daAuts
